 Dungeon Crawl Stone Soup version 0.30.1-4-g462c640d31 (webtiles) character file.

Game seed: 7409977215073346832

15 Peloso the Shield-Bearer (level 2, 27/27 HPs)
             Began as a Minotaur Fighter on Aug 13, 2023.
             Got out of the dungeon alive.
             The game lasted 00:02:13 (551 turns).

Peloso the Shield-Bearer (Minotaur Fighter)          Turns: 551, Time: 00:02:13

Health: 27/27      AC:  7    Str: 20    XL:     2   Next: 34%
Magic:  1/1        EV:  9    Int:  5    God:
Gold:   21         SH:  4    Dex:  9    Spells: 1/1 levels left

rFire   . . .        a - +0 long sword
rCold   . . .        c - +0 buckler
rNeg    . . .        b - +0 scale mail
rPois   +            (helmet restricted)
rElec   .            (no cloak)
rCorr   .            (no gloves)
SInv    .            (no boots)
Will    .....        (no amulet) Stlth
                     (no ring)
HPRegen 0.24/turn    (no ring)
MPRegen 0.07/turn

%: random rage (3%)
@: no status effects
A: horns 2, retaliatory headbutt, berserk 1, poison resistance, inability to
read after injury 1
a: no special abilities


You escaped.
You visited 1 branch of the dungeon, and saw 1 of its levels.

You collected 21 gold pieces.

Inventory:

Hand Weapons
 a - a +0 long sword (weapon)
Armour
 b - a +0 scale mail (worn)
 c - a +0 buckler (worn)
Scrolls
 e - a scroll of identify
 h - 2 scrolls of poison {unknown}
 j - a scroll of teleportation
Potions
 d - a potion of might
 f - a potion of haste {unknown}
 g - a potion of heal wounds {unknown}
 i - 2 potions of curing {unknown}


   Skills:
 + Level 3.6 Fighting
 + Level 2.8 Long Blades
 + Level 3.9 Armour
 + Level 0.1 Dodging
 + Level 4.0 Shields


You had one spell level left.
You didn't know any spells.
Your spell library was empty.

Dungeon Overview and Level Annotations

Branches:
Dungeon (1/15)

Altars:


Innate Abilities, Weirdness & Mutations

You have a pair of horns on your head.
You reflexively headbutt those who attack you in melee.
You sometimes lose your temper in combat.
Your system is resistant to poisons. (rPois)
You occasionally lose the ability to read scrolls when taking damage.


Message History

There is a faded altar of an unknown god here.
A rat comes into view.
Found a fizzy purple potion.
A rat is nearby!
A rat is nearby!
The rat twitches its whiskers.
The rat closely misses you.
You hit the rat but do no damage. Your headbutt misses the rat.
The rat bites you but does no damage.
You barely miss the rat. Your headbutt misses the rat.
The rat bites you but does no damage. x2
You hit the rat.
You kill the rat!
You see here a rat corpse.
i - 2 fizzy purple potions (gained 1)
k - a bubbling black potion As you open the door, it creaks loudly!
There is an open door here.
You enter the shallow water.
Moving in this stuff is going to be slow.
You enter the shallow water.
Moving in this stuff is going to be slow.
Partly explored, can't reach some places.
Partly explored, can't reach some places.
Partly explored, can't reach some places.
As you read the scroll labelled CIATIE LILOW, it crumbles to dust.
It is a scroll of identify.
j - a scroll of teleportation It was a potion of mutation.
You feel extremely strange.
You occasionally lose the ability to read scrolls when taking damage.
You feel a little pissed off.
You feel resistant to poisons.
(D) Dungeon
Where to? (? - help)
What level of the Dungeon? (default 1, ? - help)
There is an open door here.
You enter the shallow water.
Moving in this stuff is going to be slow.
There is a staircase leading out of the dungeon here.
Are you sure you want to leave the Dungeon?
This will make you lose the game!
You have escaped!

### #@## #..##
## ##...###≈#
#....#≈≈≈#
#####..~≈~≈≈≈#
##≈≈≈≈~~~~~≈###
#≈≈≈~≈~≈~..##
#≈≈##.......#
## #........##


There were no monsters in sight!

Vanquished Creatures
  A giant cockroach (D:1)
  3 jackals (D:1)
  A quokka (D:1)
  3 bats (D:1)
  3 frilled lizards (D:1)
  5 rats (D:1)
16 creatures vanquished.

Notes
Turn   | Place    | Note
-------+----------+-------------------------------------------
     0 | D:1      | Peloso the Minotaur Fighter began the quest for the Orb.
     0 | D:1      | Reached XP level 1. HP: 19/19 MP: 0/0
    50 | D:1      | Reached skill level 4 in Shields
   108 | D:1      | Reached XP level 2. HP: 26/26 MP: 1/1
   464 | D:1      | Found a faded altar of an unknown god.
   524 | D:1      | Gained mutation: You occasionally lose the ability to read
                  | scrolls when taking damage. [potion of mutation]
   524 | D:1      | Gained mutation: You sometimes lose your temper in combat.
                  | [potion of mutation]
   524 | D:1      | Gained mutation: Your system is resistant to poisons.
                  | (rPois) [potion of mutation]
   551 | D:$      | Got out of the dungeon alive.

Illustrated notes

Levels and vault maps discovered:
D:1:      eino_arrival_cavern_b, layout_rooms, ebering_ecumenical_altar_hall,
          kennysheep_nondescript

Skill      XL: |  1 |
---------------+----+-----
Shields        | 4 |  4.0
Fighting       | |  3.6
Long Blades    | |  2.8
Armour         | |  3.9
Dodging        | |  0.1

Action                     || total
---------------------------++-------
  Melee: Long sword        ||    33
         Headbutt          ||     1
    Use: Scroll            ||     1
         Potion            ||     1
 Armour: Scale mail        ||    23
  Dodge: Dodged            ||    21
  Block: Buckler           ||     9
